 Dungeon Crawl Stone Soup version 0.30-b1-2-g02819fbbbe (webtiles) character file.

Game seed: 4479802726970306057

56 brikbrik the Conjurer (level 4, -1/30 HPs)
             Began as a Human Conjurer on June 17, 2023.
             Slain by a hobgoblin (3 damage)
             ... on level 2 of the Dungeon.
             The game lasted 00:11:04 (1255 turns).

brikbrik the Conjurer (Human Conjurer)              Turns: 1255, Time: 00:11:05

Health: -1/30      AC:  2    Str:  9    XL:     4   Next: 17%
Magic:  5/7        EV: 12    Int: 18    God:
Gold:   59         SH:  0    Dex: 12    Spells: 1/7 levels left

rFire   . . .        k - +0 short sword (vamp)
rCold   . . .        (no shield)
rNeg    . . .        a - +0 robe
rPois   .            (no helmet)
rElec   .            (no cloak)
rCorr   .            (no gloves)
SInv    .            (no boots)
Will    .....        (no amulet)
Stlth   ++           (no ring)
HPRegen 0.25/turn    (no ring)
MPRegen 0.10/turn

%: no passive effects
@: very slightly contaminated, slowed, very slow
A: no striking features
a: no special abilities


You were on level 2 of the Dungeon.
You visited 1 branch of the dungeon, and saw 2 of its levels.

You collected 59 gold pieces.

Inventory:

Hand Weapons
 g - a +0 short sword
 k - a +0 vampiric short sword (weapon)
Armour
 a - a +0 robe (worn)
Jewellery
 i - an amulet of reflection
Scrolls
 c - a scroll of identify {unknown}
 e - 2 scrolls of enchant armour {unknown}
 j - a scroll of vulnerability {unknown}
Potions
 b - a potion of magic
 d - a potion of might {unknown}
 f - a potion of degeneration {unknown}
 h - a potion of berserk rage {unknown}


   Skills:
 - Level 3.3 Dodging
 - Level 2.0 Stealth
 - Level 2.0 Spellcasting
 + Level 4.6 Conjurations


You had one spell level left.
You knew the following spells:

 Your Spells              Type           Power      Damage    Failure   Level
a - Magic Dart            Conj           72%        1d6       2%          1
b - Searing Ray           Conj           36%        2d5       4%          2
c - Dazzling Flash        Conj/Hex       20%        N/A       22%         3

Your spell library contained the following spells:

 Spells                   Type           Power      Damage    Failure   Level
 Volatile Blastmotes      Fire/Tloc      2%         2d10      47%         3
 Fulminant Prism          Conj/Hex       5%         3d7       56%         4
 Iskenderun's Mystic Bla  Conj/Tloc      10%        2d4       56%         4
 Iskenderun's Battlesphe  Conj           18%        2d7       58%         5
 Fireball                 Conj/Fire      5%         3d5       89%         5
 Conjure Ball Lightning   Conj/Air       5%         3x3d6     100%        6
 Starburst                Conj/Fire      5%         6d4       100%        6
 Orb of Destruction       Conj           9%         9d6       100%        7


Dungeon Overview and Level Annotations

Branches:
Dungeon (2/15)

Altars:

Shops:
D:2 [==!


Message History

Confirm with . or Enter, or press ? or * to list all spells.
The spell is quite dangerous to miscast (22% risk of failure)!
Continue anyway?
Casting: Dazzling Flash (quite dangerous; 22% risk of failure)
Press: ? - help, Dir - look around, f - activate Look: a rat (chance to dazzle: 65%)
You miscast Dazzling Flash.
You are very lightly contaminated with residual magic.
The air around you crackles with energy.
You feel yourself slow down. The hobgoblin hits you. The hobgoblin hits you.
The hobgoblin attacks as you move away!
The hobgoblin hits you but does no damage.
The hobgoblin misses you. The rat barely misses you. The hobgoblin hits you.
You hit the hobgoblin but do no damage.
The hobgoblin is severely wounded.
The hobgoblin hits you. The rat bites you. The goblin barely misses you.
The hobgoblin barely misses you. The hobgoblin hits you.
You hit the hobgoblin.
You feel better.
The hobgoblin is almost dead.
The hobgoblin misses you. The rat bites you. The hobgoblin misses you.
The goblin closely misses you. The hobgoblin misses you.
The hobgoblin closely misses you. The rat barely misses you.
The goblin closely misses you. The hobgoblin completely misses you.
The hobgoblin misses you. The hobgoblin attacks as you move away!
The hobgoblin hits you.
* * * LOW HITPOINT WARNING * * *
The hobgoblin attacks as you move away! The hobgoblin hits you.
* * * LOW HITPOINT WARNING * * *
The hobgoblin attacks as you move away! The hobgoblin completely misses you.
The rat attacks as you move away! The rat bites you but does no damage.
The hobgoblin hits you.
* * * LOW HITPOINT WARNING * * *
The goblin hits you with a +0 club.
* * * LOW HITPOINT WARNING * * *
The rat misses you. The goblin barely misses you.
The rat attacks as you move away! The rat bites you.
* * * LOW HITPOINT WARNING * * *
The goblin attacks as you move away! The goblin closely misses you.
Found an embroidered hat.
The hobgoblin hits you.
You die...

##. ....... #.......
###..##..........### #.......
#.....[.............###.......
#.....##.........##...#.[.....
#..................##.........
#......#........##..##........
#.#...........##..#........
#.......wgg.......†.#....∩.
###...#....gr@....[...........
#....##.....g.....#####.......
....#.........................#
......###.......†#######......#
....# ##......########..#...#
.... ###..)........+++#..## ..
#...........+ +....#
#...#.......+ +#..>.
##...#.....(## ##.(.


You could see a dart slug, 3 hobgoblins, a goblin and a rat.

Vanquished Creatures
  2 adders (D:2)
  A worm (D:2)
  A dart slug (D:1)
  A goblin (D:2)
  3 hobgoblins
  6 jackals (D:1)
  A quokka (D:1)
  6 ball pythons
  6 bats
  A frilled lizard (D:1)
  3 kobolds
  3 rats
34 creatures vanquished.

Notes
Turn   | Place    | Note
-------+----------+-------------------------------------------
     0 | D:1      | brikbrik the Human Conjurer began the quest for the Orb.
     0 | D:1      | Reached XP level 1. HP: 13/13 MP: 3/3
   318 | D:1      | Reached XP level 2. HP: 19/19 MP: 3/5
   477 | D:1      | Learned a level 2 spell: Searing Ray
   704 | D:1      | Reached XP level 3. HP: 16/24 MP: 1/6
   789 | D:2      | Found Kowkomi's Jewellery Shop.
   988 | D:2      | Reached XP level 4. HP: 8/30 MP: 3/7
  1092 | D:2      | Found Fukuo's Distillery.
  1165 | D:2      | Found Ybonets's Jewellery Boutique.
  1194 | D:2      | Learned a level 3 spell: Dazzling Flash
  1198 | D:2      | Found Siufaeti's Antique Armour Boutique.
  1255 | D:2      | HP: 1/30 [rat (1)]
  1255 | D:2      | Slain by a hobgoblin

Illustrated notes

Levels and vault maps discovered:
D:1:      noname_arrival_rooms_in_the_neighbourhood, layout_rooms,
          minmay_indecisive_spiral
D:2:      layout_rooms, serial_shops, nicolae_shop_just_a_little_nook,
          nicolae_shop_tiny_real_fake_doors, shop, nicolae_diamond_shop,
          nicolae_shop_tiny_statue_garden, minmay_domino_2, uniq_sigmund

Skill      XL: |  1  2 |
---------------+-------+-----
Dodging        | 3 |  3.3
Stealth        | |  2.0
Spellcasting   | |  2.0
Conjurations   | |  4.6

Action                     |  1- 3 |  4- 6 || total
---------------------------+-------+-------++-------
  Melee: Unarmed           |     3 |       ||     3
         Short sword       |    38 |    20 ||    58
   Cast: Magic Dart        |    40 |     4 ||    44
         Searing Ray       |     3 |       ||     3
   Stab: Sleeping          |     2 |       ||     2
 Armour: Robe              |    17 |     7 ||    24
  Dodge: Dodged            |    67 |    28 ||    95
